Predators vs Jets
(R1)
Created - April 21, 2021 at 19:20
Goals
|
| Predators |
1 |
0 |
0 |
0 |
0 |
1 |
| Jets |
1 |
0 |
0 |
0 |
1 |
2 |
|
Shots
|
| Predators |
14 |
8 |
5 |
0 |
3 |
27 |
| Jets |
10 |
4 |
8 |
0 |
3 |
22 |
|
1st period
1. Jets , Corey Perry 20 (Derek Stepan 40, Victor Hedman 26) at 7:36
2. Predators , Nik Antropov 7 (Justin Abdelkader 16, Ryan Mcdonagh 44) at 17:21
Penalties :
Robert Hagg (Win) for Holding (Minor) at 5:07, Corey Perry (Win) for Interference (Minor) at 10:59, Chris Higgins (Nas) for Hooking (Minor) at 11:25, Jimmy Vesey (Win) for Slashing (Minor) at 13:40
2nd period
No Goal
Penalties :
Marco Scandella (Win) for Hooking (Minor) at 9:46, Ronalds Kenins (Win) for Roughing (Minor) at 15:15
3rd period
No Goal
Penalties :
Ryan Johansen (Win) for Delaying the game (Minor) at 4:48, Nino Niederreiter (Win) for Hooking (Minor) at 8:18, Nino Niederreiter (Win) for Hooking (Minor) at 11:42, Jaroslav Halak (Nas) for Slashing (Minor) at 15:46 - Byron Bitz served the penalty
Overtime #1
No Goal
Penalties :
No Penalty
Shootout
Predators, Jaden Schwartz - Stopped by Jacob Markstrom
Jets, Corey Perry - Stopped by Jaroslav Halak
Predators, Jack Eichel - Stopped by Jacob Markstrom
Jets, Ryan Johansen - Stopped by Jaroslav Halak
Predators, Alexander Ovechkin - Stopped by Jacob Markstrom
Jets, Miro Aaltonen - Goal!
Penalties :
No Penalty
Goalie Stats
Jaroslav Halak (Nas), 21 saves from 22 shots - (0.955), OTL, 36-27-9, 65:00 minutes
Jacob Markstrom (Win), 26 saves from 27 shots - (0.963), W, 21-23-5, 65:00 minutes
Players Stats for Predators
Player Name G A P +/- PIM S H SB GA TA FO MP PP MP PK MP
------------------------------------------------------------------------------------
Alexander Edler 0 0 0 0 0 4 3 0 1 0 0/0 30:15 8:02 1:42
Alexander Ovechkin 0 0 0 0 0 3 0 1 0 0 0/1 23:40 7:53 0:20
Andy Miele 0 0 0 0 0 3 0 1 0 0 2/6 10:16 0:00 1:22
Brandon Gormley 0 0 0 0 0 0 0 0 1 0 0/0 12:30 0:00 0:00
Brendan Gallagher 0 0 0 0 0 3 2 0 0 0 0/1 15:38 6:20 0:28
Byron Bitz 0 0 0 0 0 0 0 0 0 0 0/0 9:17 0:06 0:00
Chris Higgins 0 0 0 0 2 2 2 0 0 0 0/1 17:45 6:19 0:00
Jack Eichel 0 0 0 0 0 1 1 0 0 0 4/8 11:14 0:18 0:14
Jaden Schwartz 0 0 0 0 0 1 4 0 1 0 0/1 17:37 6:20 0:45
John Moore 0 0 0 0 0 2 3 0 0 0 0/0 22:15 6:17 0:43
Justin Abdelkader 0 1 1 0 0 0 1 0 1 0 0/0 11:41 0:06 0:00
Justin Faulk 0 0 0 0 0 1 1 0 0 0 0/0 21:16 6:17 0:00
Mark Pysyk 0 0 0 0 0 0 0 0 0 0 0/0 12:43 0:00 1:20
Mikael Granlund 0 0 0 0 0 3 2 0 3 2 3/6 23:24 7:47 0:21
Nate Schmidt 0 0 0 0 0 0 0 0 0 0 0/0 13:29 0:00 0:43
Nik Antropov 1 0 1 0 0 2 0 0 2 0 1/5 11:43 0:00 0:00
Ryan Kesler 0 0 0 0 0 1 1 0 1 1 11/23 21:03 7:47 0:00
Ryan Mcdonagh 0 1 1 0 0 1 1 1 0 0 0/0 30:15 8:02 1:42
Players Stats for Jets
Player Name G A P +/- PIM S H SB GA TA FO MP PP MP PK MP
------------------------------------------------------------------------------------
Corey Perry 1 0 1 1 2 2 0 0 0 1 0/0 13:33 1:06 0:00
Derek Stepan 0 1 1 1 0 1 0 0 0 0 7/11 15:48 1:06 0:00
Dougie Hamilton 0 0 0 1 0 2 1 0 0 2 0/0 16:24 1:08 0:31
Erik Haula 0 0 0 0 0 1 1 0 0 0 1/2 23:29 1:05 7:52
Jimmy Vesey 0 0 0 -1 2 0 0 1 0 0 1/1 9:22 0:00 0:00
Josh Bailey 0 0 0 0 0 1 0 0 0 0 0/0 6:01 0:00 0:00
Marco Scandella 0 0 0 0 2 0 0 2 0 0 0/0 23:41 1:17 5:02
Marcus Johansson 0 0 0 -1 0 1 1 0 0 0 0/0 14:54 1:19 1:54
Michael Matheson 0 0 0 -1 0 0 1 0 0 2 0/0 18:12 0:00 3:02
Miro Aaltonen 0 0 0 -1 0 0 0 0 1 0 2/4 9:34 0:00 0:27
Nikolaj Ehlers 0 0 0 1 0 2 3 0 0 0 1/1 15:06 0:00 0:00
Nino Niederreiter 0 0 0 0 4 2 1 0 0 1 2/2 16:24 1:20 3:00
Noel Acciari 0 0 0 0 0 1 2 1 1 0 6/10 17:45 0:00 7:49
Robert Hagg 0 0 0 -1 2 0 1 1 0 2 0/0 22:44 0:00 6:27
Ronalds Kenins 0 0 0 0 2 1 0 0 0 0 1/1 11:38 0:00 2:55
Ryan Johansen 0 0 0 0 2 5 1 1 1 0 10/20 20:02 1:19 4:41
Tyler Myers 0 0 0 0 0 2 1 0 0 1 0/0 26:16 1:16 7:29
Victor Hedman 0 1 1 1 0 1 1 0 0 1 0/0 23:07 1:09 6:07
3 Stars
1 - Jacob Markstrom (Win)
2 - Jaroslav Halak (Nas)
3 - Victor Hedman (Win)
Power Play
Predators - 0 on 8 Attempt(s) - 0.00%
Jets - 0 on 2 Attempt(s) - 0.00%
Penalty Kill
Predators - 2 on 2 Attempt(s) - 100.00%
- Score 0 goal in Penalty Kill
Jets - 8 on 8 Attempt(s) - 100.00%
- Score 0 goal in Penalty Kill
Team Stat
Predators - Hits : 21 - Faceoff Wins : 21 - Blocked Shots : 3 - Penalty Minutes : 4
Jets - Hits : 14 - Faceoff Wins : 31 - Blocked Shots : 6 - Penalty Minutes : 16
Official
Referees : Unknown
Linesman : Unknown
Game Notes
No Game Note
Finance
Level 1 -- Attendance: 5359 (89.32%) -- Ticket Income $562,695
Level 2 -- Attendance: 5000 (100.00%) -- Ticket Income $325,000
Level 3 -- Attendance: 1897 (94.85%) -- Ticket Income $79,674
Level 4 -- Attendance: 3977 (99.43%) -- Ticket Income $95,448
Luxury Box -- Attendance: 882 (88.20%) -- Ticket Income $160,524
Game was played at the MTS Center.
Total Attendance: 17115 (95.08%)
Total Ticket Income: $1,223,341
Other Income: $183,501
Total Income: $1,406,842
Predators
5 vs 5 Forward
Center Left Wing Right Wing Time % Phy DF OF
1 Ryan Kesler Alexander Ovechkin Mikael Granlund 40 1 2 2
2 Jack Eichel Chris Higgins Brendan Gallagher 30 1 2 2
3 Andy Miele Jaden Schwartz Byron Bitz 20 1 2 2
4 Nik Antropov Justin Abdelkader Mark Pysyk 10 1 2 2
5 vs 5 Defense
Defense Defense Time % Phy DF OF
1 Ryan Mcdonagh Alexander Edler 40 1 2 2
2 John Moore Justin Faulk 30 1 2 2
3 Nate Schmidt Brandon Gormley 20 1 2 2
4 Ryan Mcdonagh Alexander Edler 10 1 2 2
PowerPlay Forward
Center Left Wing Right Wing Time % Phy DF OF
1 Ryan Kesler Alexander Ovechkin Mikael Granlund 60 1 1 3
2 Jaden Schwartz Chris Higgins Brendan Gallagher 40 1 1 3
PowerPlay Defense
Defense Defense Time % Phy DF OF
1 Ryan Mcdonagh Alexander Edler 60 1 1 3
2 John Moore Justin Faulk 40 1 1 3
Penalty Kill 4 Players Forward
Center Wing Time % Phy DF OF
1 Andy Miele Mark Pysyk 60 1 3 1
2 Jaden Schwartz Byron Bitz 40 1 3 1
Penalty Kill 4 Players Defense
Defense Defense Time % Phy DF OF
1 Ryan Mcdonagh Alexander Edler 60 1 3 1
2 Nate Schmidt John Moore 40 1 3 1
Penalty Kill - 3 Players Forward
Forward Time % Phy DF OF
1 Alexander Ovechkin 60 1 3 1
2 Jaden Schwartz 40 1 3 1
Penalty Kill - 3 Players Defense
Defense Defense Time % Phy DF OF
1 Ryan Mcdonagh Alexander Edler 60 1 3 1
2 Nate Schmidt John Moore 40 1 3 1
4 vs 4 Forward
Center Wing Time % Phy DF OF
1 Mikael Granlund Alexander Ovechkin 60 1 2 2
2 Ryan Kesler Jaden Schwartz 40 1 2 2
4 vs 4 Defense
Defense Defense Time % Phy DF OF
1 Ryan Mcdonagh Alexander Edler 60 1 2 2
2 John Moore Justin Faulk 40 1 2 2
Last Minutes Offensive
Center Left Wing Right Wing Defense Defense
Ryan Kesler Alexander Ovechkin Mikael Granlund John Moore Justin Faulk
Last Minutes Defensive
Center Left Wing Right Wing Defense Defense
Andy Miele Jaden Schwartz Mark Pysyk John Moore Nate Schmidt
Goaltenders
Starting : Jaroslav Halak
Backup : Anders Lindback
Extra Forwards
Normal : Alexander Ovechkin, Chris Higgins, Mikael Granlund - PP : Alexander Ovechkin, Jack Eichel - PK : Brendan Gallagher
Extra Defensemen
Normal : Brandon Gormley, Nate Schmidt, John Moore - PP : Brandon Gormley - PK : Nate Schmidt, Brandon Gormley
Penalty Shots
Jaden Schwartz, Jack Eichel, Alexander Ovechkin, Ryan Kesler, Ryan Mcdonagh
Scratches
Dmitri Kalinin (Healthy)
Jets
5 vs 5 Forward
Center Left Wing Right Wing Time % Phy DF OF
1 Ryan Johansen Erik Haula Nino Niederreiter 40 0 4 1
2 Derek Stepan Nikolaj Ehlers Corey Perry 30 0 2 3
3 Miro Aaltonen Marcus Johansson Jimmy Vesey 20 0 1 4
4 Noel Acciari Ronalds Kenins Josh Bailey 10 1 1 3
5 vs 5 Defense
Defense Defense Time % Phy DF OF
1 Tyler Myers Marco Scandella 40 0 4 1
2 Victor Hedman Dougie Hamilton 35 0 2 3
3 Michael Matheson Robert Hagg 25 1 2 2
4 Tyler Myers Victor Hedman 0 1 1 3
PowerPlay Forward
Center Left Wing Right Wing Time % Phy DF OF
1 Derek Stepan Erik Haula Corey Perry 55 0 0 5
2 Ryan Johansen Marcus Johansson Nino Niederreiter 45 1 0 4
PowerPlay Defense
Defense Defense Time % Phy DF OF
1 Victor Hedman Dougie Hamilton 60 0 1 4
2 Tyler Myers Marco Scandella 40 0 1 4
Penalty Kill 4 Players Forward
Center Wing Time % Phy DF OF
1 Noel Acciari Erik Haula 60 1 3 1
2 Ryan Johansen Nino Niederreiter 40 1 3 1
Penalty Kill 4 Players Defense
Defense Defense Time % Phy DF OF
1 Tyler Myers Robert Hagg 60 1 4 0
2 Marco Scandella Victor Hedman 40 1 4 0
Penalty Kill - 3 Players Forward
Forward Time % Phy DF OF
1 Erik Haula 60 1 2 2
2 Nino Niederreiter 40 1 2 2
Penalty Kill - 3 Players Defense
Defense Defense Time % Phy DF OF
1 Tyler Myers Robert Hagg 60 1 2 2
2 Marco Scandella Victor Hedman 40 1 2 2
4 vs 4 Forward
Center Wing Time % Phy DF OF
1 Ryan Johansen Nikolaj Ehlers 60 0 1 4
2 Derek Stepan Nino Niederreiter 40 0 1 4
4 vs 4 Defense
Defense Defense Time % Phy DF OF
1 Tyler Myers Dougie Hamilton 60 0 2 3
2 Victor Hedman Marco Scandella 40 0 2 3
Last Minutes Offensive
Center Left Wing Right Wing Defense Defense
Ryan Johansen Marcus Johansson Nino Niederreiter Tyler Myers Victor Hedman
Last Minutes Defensive
Center Left Wing Right Wing Defense Defense
Derek Stepan Erik Haula Nino Niederreiter Tyler Myers Marco Scandella
Goaltenders
Starting : Jacob Markstrom
Backup : Jonathan Bernier
Extra Forwards
Normal : Derek Stepan, Ryan Johansen, Marcus Johansson - PP : Jimmy Vesey, Miro Aaltonen - PK : Ronalds Kenins
Extra Defensemen
Normal : Victor Hedman, Marco Scandella, Tyler Myers - PP : Tyler Myers - PK : Michael Matheson, Dougie Hamilton
Penalty Shots
Corey Perry, Ryan Johansen, Miro Aaltonen, Marcus Johansson, Erik Haula
Scratches
Adam Henrique (Broken Bone (Left Leg) Injury)
% Time on Ice - Predators
Lines # - Real PCT - Wanted PCT - Time Play
Normal Forward
1 - 31% - 40% - 13:02
2 - 21% - 30% - 8:50
3 - 21% - 20% - 8:41
4 - 27% - 10% - 11:10
Normal Defense
1 - 39% - 40% - 16:10
2 - 31% - 30% - 12:45
3 - 26% - 20% - 10:57
4 - 4% - 10% - 1:51
PP Forward
1 - 56% - 60% - 7:59
2 - 44% - 40% - 6:20
PP Defense
1 - 56% - 60% - 8:02
2 - 44% - 40% - 6:17
PK Forward
1 - 83% - 60% - 2:01
2 - 17% - 40% - 0:24
PK Defense
1 - 70% - 60% - 1:42
2 - 30% - 40% - 0:43
PK3 Forward
1 - 0% - 60%
2 - 0% - 40%
PK3 Defense
1 - 0% - 60%
2 - 0% - 40%
44 Forward
1 - 83% - 60% - 5:25
2 - 17% - 40% - 1:08
44 Defense
1 - 62% - 60% - 4:03
2 - 38% - 40% - 2:30
Last Minute Offensive - 0:00
Last Minute Defensive - 0:00
Total
Forward - 65:00
Defense - 65:00
|
% Time on Ice - Jets
Lines # - Real PCT - Wanted PCT - Time Play
Normal Forward
1 - 34% - 40% - 14:10
2 - 30% - 30% - 12:25
3 - 22% - 20% - 9:07
4 - 14% - 10% - 6:01
Normal Defense
1 - 39% - 40% - 16:14
2 - 33% - 35% - 13:44
3 - 28% - 25% - 11:45
4 - 0% - 0% - 0:00
PP Forward
1 - 45% - 55% - 1:05
2 - 55% - 45% - 1:20
PP Defense
1 - 47% - 60% - 1:08
2 - 53% - 40% - 1:17
PK Forward
1 - 67% - 60% - 9:37
2 - 33% - 40% - 4:42
PK Defense
1 - 57% - 60% - 8:12
2 - 43% - 40% - 6:07
PK3 Forward
1 - 0% - 60%
2 - 0% - 40%
PK3 Defense
1 - 0% - 60%
2 - 0% - 40%
44 Forward
1 - 80% - 60% - 5:15
2 - 20% - 40% - 1:18
44 Defense
1 - 58% - 60% - 3:48
2 - 42% - 40% - 2:45
Last Minute Offensive - 0:00
Last Minute Defensive - 0:00
Total
Forward - 65:00
Defense - 65:00
|
Play-by-Play
1st period
0:01 of 1st period - Ryan Kesler wins face-off versus Ryan Johansen in neutral zone.
0:06 of 1st period - Slapshot by Mikael Granlund.
0:06 of 1st period - Stopped by Jacob Markstrom with a rebound.
0:08 of 1st period - Slapshot by Alexander Edler.
0:08 of 1st period - Stopped by Jacob Markstrom with a rebound.
0:12 of 1st period - Wrist shot by Alexander Ovechkin.
0:12 of 1st period - Stopped by Jacob Markstrom with a rebound.
0:14 of 1st period - Snap shot by Ryan Mcdonagh.
0:14 of 1st period - Shot Misses the Net.
0:31 of 1st period - Wrist shot by Brendan Gallagher.
0:31 of 1st period - Stopped by Jacob Markstrom with a rebound.
0:33 of 1st period - Slapshot by Justin Faulk.
0:33 of 1st period - Stopped by Jacob Markstrom with a rebound.
0:35 of 1st period - Snap shot by Justin Faulk.
0:35 of 1st period - Shot Misses the Net.
2:38 of 1st period - Off-side.
2:39 of 1st period - Ryan Kesler wins face-off versus Noel Acciari in neutral zone.
3:08 of 1st period - Wrist shot by Noel Acciari.
3:08 of 1st period - Stopped by Jaroslav Halak with a rebound.
3:10 of 1st period - Slapshot by Victor Hedman.
3:10 of 1st period - Stopped by Jaroslav Halak without a rebound.
3:11 of 1st period - Ryan Johansen wins face-off versus Nik Antropov in Predators zone.
3:12 of 1st period - Snap shot by Nino Niederreiter.
3:12 of 1st period - Stopped by Jaroslav Halak without a rebound.
3:13 of 1st period - Ryan Johansen wins face-off versus Nik Antropov in Predators zone.
3:16 of 1st period - Snap shot by Ryan Johansen.
3:16 of 1st period - Stopped by Jaroslav Halak without a rebound.
3:17 of 1st period - Nino Niederreiter wins face-off versus Jack Eichel in Predators zone.
3:22 of 1st period - Snap shot by Ryan Johansen.
3:22 of 1st period - Shot Misses the Net.
3:28 of 1st period - Wrist shot by Chris Higgins.
3:28 of 1st period - Stopped by Jacob Markstrom without a rebound.
3:29 of 1st period - Ryan Kesler wins face-off versus Ryan Johansen in Jets zone.
3:42 of 1st period - Snap shot by Alexander Ovechkin.
3:42 of 1st period - Stopped by Jacob Markstrom with a rebound.
3:56 of 1st period - Derek Stepan is hit by Brendan Gallagher and loses puck.
5:05 of 1st period - Backhand shot by Mikael Granlund.
5:05 of 1st period - Shot Misses the Net.
5:07 of 1st period - Minor Penalty to Robert Hagg for Holding.
5:08 of 1st period - Noel Acciari wins face-off versus Ryan Kesler in Jets zone.
7:07 of 1st period - Penalty to Robert Hagg is over, Robert Hagg is back on ice.
7:20 of 1st period - Slapshot by Tyler Myers.
7:20 of 1st period - Stopped by Jaroslav Halak without a rebound.
7:21 of 1st period - Derek Stepan wins face-off versus Nik Antropov in Predators zone.
7:24 of 1st period - Slapshot by Nikolaj Ehlers.
7:24 of 1st period - Shot Hit the Post.
7:26 of 1st period - Slapshot by Dougie Hamilton.
7:26 of 1st period - Deflect By Ryan Mcdonagh.
7:26 of 1st period - Stopped by Jaroslav Halak with a rebound.
7:36 of 1st period - Wrist shot by Corey Perry.
7:36 of 1st period - Goal by Corey Perry - Predators : 0 - Jets : 1.
7:37 of 1st period - Mikael Granlund wins face-off versus Ryan Johansen in neutral zone.
8:04 of 1st period - Tyler Myers is hit by Chris Higgins and loses puck.
8:25 of 1st period - Snap shot by Noel Acciari.
8:25 of 1st period - Shot Misses the Net.
9:05 of 1st period - Wrist shot by Erik Haula.
9:05 of 1st period - Shot Misses the Net.
9:23 of 1st period - Snap shot by Derek Stepan.
9:23 of 1st period - Shot Misses the Net.
9:29 of 1st period - Nikolaj Ehlers is hit by Brendan Gallagher and loses puck.
9:44 of 1st period - Wrist shot by Marcus Johansson.
9:44 of 1st period - Stopped by Jaroslav Halak without a rebound.
9:45 of 1st period - Andy Miele wins face-off versus Miro Aaltonen in Predators zone.
10:31 of 1st period - Slapshot by Andy Miele.
10:31 of 1st period - Stopped by Jacob Markstrom without a rebound.
10:32 of 1st period - Ryan Kesler wins face-off versus Ryan Johansen in Jets zone.
10:59 of 1st period - Minor Penalty to Corey Perry for Interference.
11:00 of 1st period - Noel Acciari wins face-off versus Ryan Kesler in Jets zone.
11:25 of 1st period - Minor Penalty to Chris Higgins for Hooking.
11:26 of 1st period - Nikolaj Ehlers wins face-off versus Mikael Granlund in Predators zone.
11:38 of 1st period - Wrist shot by Alexander Ovechkin.
11:38 of 1st period - Stopped by Jacob Markstrom without a rebound.
11:39 of 1st period - Ryan Johansen wins face-off versus Mikael Granlund in Jets zone.
11:50 of 1st period - Wrist shot by Mikael Granlund.
11:50 of 1st period - Stopped by Jacob Markstrom with a rebound.
12:12 of 1st period - Ryan Johansen is hit by Ryan Kesler and loses puck.
12:59 of 1st period - Penalty to Corey Perry is over, Corey Perry is back on ice.
13:23 of 1st period - Slapshot by Alexander Edler.
13:23 of 1st period - Stopped by Jacob Markstrom without a rebound.
13:24 of 1st period - Derek Stepan wins face-off versus Andy Miele in Jets zone.
13:25 of 1st period - Penalty to Chris Higgins is over, Chris Higgins is back on ice.
13:31 of 1st period - Slapshot by Tyler Myers.
13:31 of 1st period - Stopped by Jaroslav Halak with a rebound.
13:40 of 1st period - Minor Penalty to Jimmy Vesey for Slashing.
13:41 of 1st period - Noel Acciari wins face-off versus Ryan Kesler in Jets zone.
14:12 of 1st period - Wrist shot by Brendan Gallagher.
14:12 of 1st period - Shot Misses the Net.
14:14 of 1st period - Slapshot by Alexander Edler.
14:14 of 1st period - Shot Blocked by Ryan Johansen.
15:40 of 1st period - Penalty to Jimmy Vesey is over, Jimmy Vesey is back on ice.
16:05 of 1st period - Slapshot by John Moore.
16:05 of 1st period - Stopped by Jacob Markstrom with a rebound.
16:44 of 1st period - Wrist shot by Justin Abdelkader.
16:44 of 1st period - Shot Misses the Net.
16:46 of 1st period - Snap shot by Nik Antropov.
16:46 of 1st period - Shot Misses the Net.
17:02 of 1st period - Slapshot by Ryan Mcdonagh.
17:02 of 1st period - Shot Misses the Net.
17:19 of 1st period - Wrist shot by Nik Antropov.
17:19 of 1st period - Shot Misses the Net.
17:21 of 1st period - Snap shot by Nik Antropov.
17:21 of 1st period - Goal by Nik Antropov - Predators : 1 - Jets : 1.
17:22 of 1st period - Mikael Granlund wins face-off versus Ryan Johansen in neutral zone.
17:49 of 1st period - Nikolaj Ehlers is hit by Ryan Mcdonagh and loses puck.
18:00 of 1st period - Backhand shot by Chris Higgins.
18:00 of 1st period - Shot Blocked by Marco Scandella.
18:21 of 1st period - Slapshot by Victor Hedman.
18:21 of 1st period - Shot Misses the Net.
18:35 of 1st period - Nate Schmidt is hit by Nino Niederreiter.
18:49 of 1st period - Snap shot by Brendan Gallagher.
18:49 of 1st period - Stopped by Jacob Markstrom without a rebound.
18:50 of 1st period - Jack Eichel wins face-off versus Derek Stepan in Jets zone.
18:51 of 1st period - Snap shot by Brendan Gallagher.
18:51 of 1st period - Shot Misses the Net.
19:01 of 1st period - Wrist shot by Corey Perry.
19:01 of 1st period - Stopped by Jaroslav Halak with a rebound.
19:17 of 1st period - Robert Hagg is hit by Alexander Edler and loses puck.
19:37 of 1st period - Icing by Derek Stepan.
19:38 of 1st period - Derek Stepan wins face-off versus Ryan Kesler in Jets zone.
19:51 of 1st period - Slapshot by Alexander Ovechkin.
19:51 of 1st period - Shot Misses the Net.
Goals for this period are 1 for Predators vs 1 for Jets.
Shots for this period are 14 for Predators vs 10 for Jets.
2nd period
0:01 of 2nd period - Nino Niederreiter wins face-off versus Ryan Kesler in neutral zone.
0:33 of 2nd period - Slapshot by Alexander Edler.
0:33 of 2nd period - Shot Misses the Net.
0:35 of 2nd period - Wrist shot by Brendan Gallagher.
0:35 of 2nd period - Shot Blocked by Marco Scandella.
0:56 of 2nd period - John Moore is hit by Tyler Myers.
1:42 of 2nd period - Icing by Jimmy Vesey.
1:43 of 2nd period - Nik Antropov wins face-off versus Ryan Johansen in Jets zone.
1:56 of 2nd period - Snap shot by Ryan Johansen.
1:56 of 2nd period - Stopped by Jaroslav Halak with a rebound.
2:06 of 2nd period - Dougie Hamilton is hit by John Moore.
2:47 of 2nd period - Byron Bitz is hit by Nikolaj Ehlers and loses puck.
2:52 of 2nd period - Snap shot by Derek Stepan.
2:52 of 2nd period - Stopped by Jaroslav Halak with a rebound.
2:58 of 2nd period - Snap shot by Derek Stepan.
2:58 of 2nd period - Shot Misses the Net.
3:18 of 2nd period - Mikael Granlund is hit by Robert Hagg and loses puck.
4:26 of 2nd period - Off-side.
4:27 of 2nd period - Derek Stepan wins face-off versus Mikael Granlund in neutral zone.
4:29 of 2nd period - Off-side.
4:30 of 2nd period - Ryan Kesler wins face-off versus Derek Stepan in neutral zone.
4:41 of 2nd period - Snap shot by Mikael Granlund.
4:41 of 2nd period - Shot Misses the Net.
5:33 of 2nd period - Wrist shot by Ryan Kesler.
5:33 of 2nd period - Shot Misses the Net.
5:35 of 2nd period - Slapshot by John Moore.
5:35 of 2nd period - Stopped by Jacob Markstrom without a rebound.
5:36 of 2nd period - Ryan Johansen wins face-off versus Jack Eichel in Jets zone.
6:01 of 2nd period - Byron Bitz is hit by Marcus Johansson and loses puck.
6:08 of 2nd period - Slapshot by Andy Miele.
6:08 of 2nd period - Shot Blocked by Jimmy Vesey.
6:10 of 2nd period - Slapshot by Andy Miele.
6:10 of 2nd period - Stopped by Jacob Markstrom without a rebound.
6:11 of 2nd period - Jack Eichel wins face-off versus Ryan Johansen in Jets zone.
6:22 of 2nd period - Snap shot by Chris Higgins.
6:22 of 2nd period - Stopped by Jacob Markstrom without a rebound.
6:23 of 2nd period - Ryan Johansen wins face-off versus Chris Higgins in Jets zone.
7:03 of 2nd period - Snap shot by Corey Perry.
7:03 of 2nd period - Shot Misses the Net.
7:36 of 2nd period - Wrist shot by Jaden Schwartz.
7:36 of 2nd period - Stopped by Jacob Markstrom without a rebound.
7:37 of 2nd period - Miro Aaltonen wins face-off versus Andy Miele in Jets zone.
9:12 of 2nd period - Ryan Kesler is hit by Dougie Hamilton and loses puck.
9:24 of 2nd period - Off-side.
9:25 of 2nd period - Jack Eichel wins face-off versus Miro Aaltonen in neutral zone.
9:46 of 2nd period - Minor Penalty to Marco Scandella for Hooking.
9:47 of 2nd period - Ryan Kesler wins face-off versus Noel Acciari in Jets zone.
10:39 of 2nd period - Justin Faulk is hit by Ryan Johansen.
11:46 of 2nd period - Penalty to Marco Scandella is over, Marco Scandella is back on ice.
12:29 of 2nd period - Snap shot by Nikolaj Ehlers.
12:29 of 2nd period - Stopped by Jaroslav Halak with a rebound.
13:26 of 2nd period - Icing by Victor Hedman.
13:27 of 2nd period - Derek Stepan wins face-off versus Nik Antropov in Jets zone.
13:53 of 2nd period - Icing by Ryan Mcdonagh.
13:54 of 2nd period - Ryan Johansen wins face-off versus Andy Miele in Predators zone.
14:19 of 2nd period - Ryan Kesler is hit by Nikolaj Ehlers and loses puck.
15:03 of 2nd period - Wrist shot by Justin Abdelkader.
15:03 of 2nd period - Shot Blocked by Noel Acciari.
15:05 of 2nd period - Wrist shot by Nik Antropov.
15:05 of 2nd period - Stopped by Jacob Markstrom with a rebound.
15:15 of 2nd period - Minor Penalty to Ronalds Kenins for Roughing.
15:16 of 2nd period - Ryan Kesler wins face-off versus Noel Acciari in Jets zone.
15:31 of 2nd period - Slapshot by Ryan Mcdonagh.
15:31 of 2nd period - Deflect By Alexander Ovechkin.
15:31 of 2nd period - Shot Hit the Post.
15:31 of 2nd period - Puck is out of play.
15:32 of 2nd period - Erik Haula wins face-off versus Ryan Kesler in Jets zone.
15:43 of 2nd period - Slapshot by Mikael Granlund.
15:43 of 2nd period - Stopped by Jacob Markstrom with a rebound.
17:15 of 2nd period - Penalty to Ronalds Kenins is over, Ronalds Kenins is back on ice.
17:41 of 2nd period - Slapshot by Noel Acciari.
17:41 of 2nd period - Shot Blocked by Ryan Mcdonagh.
17:49 of 2nd period - Slapshot by Alexander Edler.
17:49 of 2nd period - Stopped by Jacob Markstrom with a rebound.
17:51 of 2nd period - Snap shot by Mark Pysyk.
17:51 of 2nd period - Shot Misses the Net.
19:23 of 2nd period - Wrist shot by Nik Antropov.
19:23 of 2nd period - Shot Misses the Net.
19:25 of 2nd period - Slapshot by Justin Abdelkader.
19:25 of 2nd period - Shot Misses the Net.
19:31 of 2nd period - Slapshot by Alexander Edler.
19:31 of 2nd period - Stopped by Jacob Markstrom with a rebound.
19:33 of 2nd period - Snap shot by Justin Abdelkader.
19:33 of 2nd period - Shot Misses the Net.
19:41 of 2nd period - Wrist shot by Justin Abdelkader.
19:41 of 2nd period - Deflect By Nik Antropov.
19:41 of 2nd period - Shot Misses the Net.
19:41 of 2nd period - Puck is out of play.
19:42 of 2nd period - Derek Stepan wins face-off versus Ryan Kesler in Jets zone.
19:57 of 2nd period - Slapshot by Nikolaj Ehlers.
19:57 of 2nd period - Stopped by Jaroslav Halak without a rebound.
19:58 of 2nd period - Miro Aaltonen wins face-off versus Jack Eichel in Predators zone.
Goals for this period are 0 for Predators vs 0 for Jets.
Shots for this period are 8 for Predators vs 4 for Jets.
3rd period
0:01 of 3rd period - Ryan Johansen wins face-off versus Ryan Kesler in neutral zone.
0:08 of 3rd period - Slapshot by Ryan Johansen.
0:08 of 3rd period - Stopped by Jaroslav Halak without a rebound.
0:09 of 3rd period - Ryan Johansen wins face-off versus Ryan Kesler in Predators zone.
0:12 of 3rd period - Snap shot by Nino Niederreiter.
0:12 of 3rd period - Shot Misses the Net.
0:36 of 3rd period - Snap shot by Nino Niederreiter.
0:36 of 3rd period - Deflect By Ryan Kesler.
0:36 of 3rd period - Stopped by Jaroslav Halak without a rebound.
0:37 of 3rd period - Jack Eichel wins face-off versus Derek Stepan in Predators zone.
0:48 of 3rd period - Nikolaj Ehlers is hit by Chris Higgins and loses puck.
1:03 of 3rd period - Miro Aaltonen is hit by Jaden Schwartz and loses puck.
2:24 of 3rd period - Victor Hedman is hit by Mikael Granlund and loses puck.
2:51 of 3rd period - Slapshot by Brendan Gallagher.
2:51 of 3rd period - Stopped by Jacob Markstrom without a rebound.
2:52 of 3rd period - Ryan Johansen wins face-off versus Ryan Kesler in Jets zone.
4:04 of 3rd period - Wrist shot by Ryan Johansen.
4:04 of 3rd period - Shot Misses the Net.
4:10 of 3rd period - Ryan Johansen is hit by John Moore and loses puck.
4:48 of 3rd period - Minor Penalty to Ryan Johansen for Delaying the game.
4:49 of 3rd period - Noel Acciari wins face-off versus Ryan Kesler in Jets zone.
5:06 of 3rd period - Snap shot by Ryan Mcdonagh.
5:06 of 3rd period - Stopped by Jacob Markstrom without a rebound.
5:07 of 3rd period - Noel Acciari wins face-off versus Jaden Schwartz in Jets zone.
5:34 of 3rd period - Snap shot by Alexander Ovechkin.
5:34 of 3rd period - Deflect By Tyler Myers.
5:34 of 3rd period - Shot Blocked by Robert Hagg.
5:34 of 3rd period - Puck is out of play.
5:35 of 3rd period - Ronalds Kenins wins face-off versus Ryan Kesler in Jets zone.
6:02 of 3rd period - Brendan Gallagher is hit by Noel Acciari and loses puck.
6:11 of 3rd period - Noel Acciari is hit by Alexander Edler.
6:43 of 3rd period - Erik Haula is hit by Mikael Granlund and loses puck.
6:48 of 3rd period - Penalty to Ryan Johansen is over, Ryan Johansen is back on ice.
7:54 of 3rd period - Andy Miele is hit by Nikolaj Ehlers and loses puck.
8:03 of 3rd period - Slapshot by Andy Miele.
8:03 of 3rd period - Stopped by Jacob Markstrom without a rebound.
8:04 of 3rd period - Ryan Johansen wins face-off versus Brendan Gallagher in Jets zone.
8:18 of 3rd period - Minor Penalty to Nino Niederreiter for Hooking.
8:19 of 3rd period - Ryan Kesler wins face-off versus Erik Haula in Jets zone.
8:49 of 3rd period - Erik Haula is hit by Jaden Schwartz and loses puck.
10:08 of 3rd period - Marco Scandella is hit by Justin Faulk.
10:18 of 3rd period - Penalty to Nino Niederreiter is over, Nino Niederreiter is back on ice.
11:42 of 3rd period - Minor Penalty to Nino Niederreiter for Hooking.
11:43 of 3rd period - Ryan Kesler wins face-off versus Ryan Johansen in Jets zone.
11:45 of 3rd period - Snap shot by Ryan Kesler.
11:45 of 3rd period - Shot Misses the Net.
12:07 of 3rd period - Jaden Schwartz is hit by Noel Acciari and loses puck.
13:42 of 3rd period - Penalty to Nino Niederreiter is over, Nino Niederreiter is back on ice.
14:03 of 3rd period - Marco Scandella is hit by Justin Abdelkader and loses puck.
14:28 of 3rd period - Wrist shot by Ronalds Kenins.
14:28 of 3rd period - Stopped by Jaroslav Halak with a rebound.
14:30 of 3rd period - Wrist shot by Josh Bailey.
14:30 of 3rd period - Stopped by Jaroslav Halak without a rebound.
14:31 of 3rd period - Noel Acciari wins face-off versus Andy Miele in Predators zone.
14:56 of 3rd period - Alexander Edler is hit by Michael Matheson and loses puck.
15:13 of 3rd period - Wrist shot by Ryan Johansen.
15:13 of 3rd period - Stopped by Jaroslav Halak without a rebound.
15:14 of 3rd period - Ryan Kesler wins face-off versus Ryan Johansen in Predators zone.
15:19 of 3rd period - Alexander Ovechkin is hit by Erik Haula and loses puck.
15:28 of 3rd period - Wrist shot by Ryan Johansen.
15:28 of 3rd period - Shot Blocked by Alexander Ovechkin.
15:30 of 3rd period - Snap shot by Nino Niederreiter.
15:30 of 3rd period - Deflect By Ryan Johansen.
15:30 of 3rd period - Stopped by Jaroslav Halak with a rebound.
15:42 of 3rd period - Wrist shot by Marcus Johansson.
15:42 of 3rd period - Shot Misses the Net.
15:44 of 3rd period - Snap shot by Marcus Johansson.
15:44 of 3rd period - Shot Misses the Net.
15:46 of 3rd period - Slapshot by Dougie Hamilton.
15:46 of 3rd period - Stopped by Jaroslav Halak without a rebound.
15:46 of 3rd period - Minor Penalty to Jaroslav Halak for Slashing.
15:47 of 3rd period - Andy Miele wins face-off versus Derek Stepan in Predators zone.
15:47 of 3rd period - Andy Miele is hit by Victor Hedman.
16:01 of 3rd period - Wrist shot by Erik Haula.
16:01 of 3rd period - Stopped by Jaroslav Halak with a rebound.
16:03 of 3rd period - Slapshot by Dougie Hamilton.
16:03 of 3rd period - Shot Blocked by Andy Miele.
17:18 of 3rd period - Off-side.
17:19 of 3rd period - Derek Stepan wins face-off versus Jack Eichel in neutral zone.
17:46 of 3rd period - Penalty to Byron Bitz is over, Byron Bitz is back on ice.
17:53 of 3rd period - Snap shot by Mikael Granlund.
17:53 of 3rd period - Deflect By Ryan Kesler.
17:53 of 3rd period - Stopped by Jacob Markstrom without a rebound.
17:54 of 3rd period - Ryan Kesler wins face-off versus Noel Acciari in Jets zone.
18:30 of 3rd period - Slapshot by Chris Higgins.
18:30 of 3rd period - Deflect By Jack Eichel.
18:30 of 3rd period - Stopped by Jacob Markstrom without a rebound.
18:31 of 3rd period - Jimmy Vesey wins face-off versus Alexander Ovechkin in Jets zone.
Goals for this period are 0 for Predators vs 0 for Jets.
Shots for this period are 5 for Predators vs 8 for Jets.
Overtime #1
0:01 of 1st overtime period - Mikael Granlund wins face-off versus Ryan Johansen in neutral zone.
0:27 of 1st overtime period - Nikolaj Ehlers is hit by Alexander Edler and loses puck.
0:52 of 1st overtime period - Derek Stepan is hit by Jaden Schwartz and loses puck.
1:33 of 1st overtime period - Tyler Myers is hit by John Moore and loses puck.
2:01 of 1st overtime period - Tyler Myers is hit by Jaden Schwartz and loses puck.
3:59 of 1st overtime period - Marcus Johansson is hit by Jack Eichel and loses puck.
Goals for this period are 0 for Predators vs 0 for Jets.
Shots for this period are 0 for Predators vs 0 for Jets.
ShootOut
5:00 of 1st overtime period - Round #1.
5:00 of 1st overtime period - Predators, Jaden Schwartz.
5:00 of 1st overtime period - Deke by Jaden Schwartz.
5:00 of 1st overtime period - Stopped by Jacob Markstrom.
5:00 of 1st overtime period - Jets, Corey Perry.
5:00 of 1st overtime period - Wrist shot by Corey Perry.
5:00 of 1st overtime period - Stopped by Jaroslav Halak.
5:00 of 1st overtime period - Round #2.
5:00 of 1st overtime period - Predators, Jack Eichel.
5:00 of 1st overtime period - Snap shot by Jack Eichel.
5:00 of 1st overtime period - Stopped by Jacob Markstrom.
5:00 of 1st overtime period - Jets, Ryan Johansen.
5:00 of 1st overtime period - Backhand shot by Ryan Johansen.
5:00 of 1st overtime period - Stopped by Jaroslav Halak.
5:00 of 1st overtime period - Round #3.
5:00 of 1st overtime period - Predators, Alexander Ovechkin.
5:00 of 1st overtime period - Snap shot by Alexander Ovechkin.
5:00 of 1st overtime period - Stopped by Jacob Markstrom.
5:00 of 1st overtime period - Jets, Miro Aaltonen.
5:00 of 1st overtime period - Deke by Miro Aaltonen.
5:00 of 1st overtime period - Goal by Miro Aaltonen.